 Dungeon Sprint DCSS version 0.32-a0-872-g59262bdc9b (webtiles) character file.

Game seed: 5699065033504990954

60 Conn the Firebug (level 4, -6/27 HPs)
             Began as an Octopode Fire Elementalist on Mar 30, 2024.
             Was a Priest of Sif Muna.
             Mangled by an orc warrior
             ... wielding a +0 dire flail
              (15 damage)
             ... in the Dungeon (Sprint VII: "The Pits").
             The game lasted 00:04:01 (461 turns).

Conn the Firebug (Octopode Fire Elementalist)        Turns: 461, Time: 00:04:02

Health: -6/27      AC:  1    Str:  7    XL:     4   Next: 6%
Magic:  8/9        EV: 12    Int: 19    God:    Sif Muna [***...]
Gold:   0          SH:  0    Dex: 12    Spells: 0/10 levels left

rFire   . . .        l - +0 mace (protect)
rCold   . . .        (no shield)
rNeg    . . .        (helmet restricted)
rPois   .            (no amulet)
rElec   .            (no ring)
rCorr   .            (no ring)
SInv    .            (no ring)
Will    .....        (no ring)
Stlth   ++++         (no ring)
HPRegen 0.24/turn    (no ring)
MPRegen 0.11/turn    (no ring)
                     (no ring)

%: no teleportation
@: no status effects
A: almost no armour, amphibious, 8 rings, camouflage 1, gelatinous body 1,
(nimble swimmer 1), tentacles
a: Renounce Religion, Channel Magic, Forget Spell


You were in the Dungeon.
You worshipped Sif Muna.
Sif Muna was most pleased with you.
You visited 1 branch

Inventory:

Hand Weapons
 g - a +2 falchion
 l - a +0 mace of protection (weapon)
Scrolls
 f - a scroll of blinking
 i - 2 scrolls of vulnerability
 j - 5 scrolls of amnesia
 k - a scroll of summoning
Potions
 a - 4 potions of magic
 b - 6 potions of curing
 c - 5 potions of heal wounds
 d - a potion of haste
 e - 3 potions of berserk rage
 h - a potion of invisibility


   Skills:
 + Level 3.0 Dodging
 + Level 4.4 Stealth
 * Level 3.7 Spellcasting
 * Level 3.0 Conjurations
 + Level 0.3 Hexes
 + Level 4.7 Fire Magic
 + Level 2.8 Invocations


You couldn't memorise any spells.
You knew the following spells:

 Your Spells              Type           Power      Damage    Failure   Level
a - Foxfire               Conj/Fire      72%        2x1d7     3%          1
b - Scorch                Fire           42%        2d6       3%          2
c - Inner Flame           Hex/Fire       13%        N/A       16%         3
d - Flame Wave            Conj/Fire      18%        2d7       28%         4

Your spell library contained the following spells:

 Spells                   Type           Power      Damage    Failure   Level
 Volatile Blastmotes      Fire/Tloc      24%        2d12      16%         3


Dungeon Overview and Level Annotations

Branches:
Dungeon (1/1)

Altars:
Ashenzari
Cheibriados
Dithmenos
Elyvilon
Fedhas
Gozag
Hepliaklqana
Kikubaaqudgha
Makhleb
Nemelex Xobeh
Okawaru
Qazlal
Ru
Sif Muna
Trog
Uskayaw
Vehumet
Wu Jian
Xom
Yredelemnul
Zin
The Shining One
Beogh
Jiyva
Lugonu


Innate Abilities, Weirdness & Mutations

You cannot wear most types of armour.
You are amphibious.
You can wear up to eight rings at the same time.
Your skin changes colour to match your surroundings (Stealth+).
Your rubbery body absorbs attacks. (AC +1, EV +1)
((You are camouflaged when in or above water. (Stealth+)))
You have tentacles for arms and can constrict up to eight enemies at once.


Message History

Confirm with . or Enter, or press ? or * to list all spells.
You don't have enough magic to cast this spell.
Unknown command.
Casting: Scorch (safe; 3% risk of failure)
Confirm with . or Enter, or press ? or * to list all spells.
Flames lash the orc warrior.
Flame seeps out of the orc warrior.
The orc warrior is heavily wounded.
The orc warrior is engulfed in blazing flames.
Flame seeps out of the orc warrior.
Unknown command.
The orc warrior attacks as it pursues you!
The orc warrior barely misses you.
The orc warrior attacks as it pursues you!
The orc warrior hits you with a +0 dire flail!
The orc warrior is no longer more vulnerable to fire.
You feel much better.
The orc warrior hits you with a +0 dire flail!
Magic courses through your body. The orc warrior closely misses you.
Casting: Scorch (safe; 3% risk of failure)
Confirm with . or Enter, or press ? or * to list all spells.
You conjure some foxfire!
The orc warrior barely misses you.
Unknown command.
The foxfire hits the orc warrior but does no damage.
The orc warrior is almost dead.
The foxfire hits the orc warrior but does no damage.
The orc warrior is almost dead.
The orc warrior barely misses you.
Casting: Foxfire (safe; 3% risk of failure)
Confirm with . or Enter, or press ? or * to list all spells.
You conjure some foxfire!
The orc warrior hits you with a +0 dire flail!
Unknown command.
The foxfire hits the orc warrior but does no damage.
The orc warrior is almost dead.
The foxfire hits the orc warrior but does no damage.
The orc warrior is almost dead.
The orc warrior attacks as it pursues you!
The orc warrior hits you with a +0 dire flail!
Ouch! That really hurt!
You die...

## .# .#
.###########++######
'##................#
.##......#..#...@..#
.##.............o..+
÷.'.†).............+
###......#..#......#
.##................#
)#####'#####++######
.##.......#
)##.......#
[##.......#


You could see an orc warrior (inner flame).

Vanquished Creatures
  An orc priest (D)
  An adder (D)
  A river rat (D)
  2 orcs (D)
  A quokka (D)
  3 ball pythons (D)
  A bat (D)
  A frilled lizard (D)
  A kobold (D)
  A rat (D)
13 creatures vanquished.

Vanquished Creatures (others)
  37 foxfires (D)
37 creatures vanquished.

Grand Total: 50 creatures vanquished

Notes
Turn   | Place    | Note
-------+----------+-------------------------------------------
     0 | D        | Conn the Octopode Fire Elementalist began the quest for the
                  | Orb.
     0 | D        | Reached XP level 1. HP: 11/11 MP: 3/3
    46 | D        | Found a bloodstained altar of Trog.
    46 | D        | Found a shimmering blue altar of Sif Muna.
    46 | D        | Found a viscous altar of Jiyva.
    46 | D        | Found a hazy altar of Hepliaklqana.
    46 | D        | Found an opulent altar of Gozag.
    47 | D        | Found a glowing golden altar of the Shining One.
    47 | D        | Found a glowing silver altar of Zin.
    47 | D        | Found a basalt altar of Yredelemnul.
    47 | D        | Found a shimmering altar of Xom.
    47 | D        | Found an ornate altar of the Wu Jian Council.
    47 | D        | Found a sacrificial altar of Ru.
    47 | D        | Found a stormy altar of Qazlal.
    47 | D        | Found an iron altar of Okawaru.
    47 | D        | Found a sparkling altar of Nemelex Xobeh.
    47 | D        | Found a burning altar of Makhleb.
    47 | D        | Found a blossoming altar of Fedhas.
    47 | D        | Found a white marble altar of Elyvilon.
    47 | D        | Found a shadowy altar of Dithmenos.
    47 | D        | Found a snail-covered altar of Cheibriados.
    49 | D        | Found a corrupted altar of Lugonu.
    49 | D        | Found a radiant altar of Vehumet.
    49 | D        | Found a roughly hewn altar of Beogh.
    50 | D        | Found an ancient bone altar of Kikubaaqudgha.
    50 | D        | Found a hide-covered altar of Uskayaw.
    50 | D        | Found a broken altar of Ashenzari.
    51 | D        | Became a worshipper of Sif Muna the Loreminder
   112 | D        | Reached * piety under Sif Muna
   119 | D        | Reached skill level 1 in Invocations
   119 | D        | Reached XP level 2. HP: 17/17 MP: 1/5
   123 | D        | Learned a level 2 spell: Scorch
   169 | D        | Reached ** piety under Sif Muna
   299 | D        | Noticed an orc warrior
   327 | D        | Reached *** piety under Sif Muna
   328 | D        | Reached XP level 3. HP: 13/21 MP: 1/8
   349 | D        | Learned a level 3 spell: Inner Flame
   420 | D        | Reached XP level 4. HP: 27/27 MP: 3/9
   426 | D        | Learned a level 4 spell: Flame Wave
   461 | D        | Mangled by an orc warrior

Illustrated notes

Levels and vault maps discovered:
D:        pitsprint [storerooms_1, entrance_room_1, metal_vault_4, armoury_2,
          mini_pit_1, grid_room_1, main_hall_1, silver_pit, the_coven_1,
          the_vestibule_1, steel_vault_5, golden_pit, hallway_of_sentries,
          crystal_vault_1, iron_vault_2, final_vault]

Skill      XL: |  1  2  3 |
---------------+----------+-----
Stealth        | 3 4 |  4.4
Fire Magic     | 4 |  4.7
Invocations    | 1 2 |  2.8
Dodging        | 3 |  3.0
Spellcasting   | 3 |  3.7
Conjurations   | 2 3 |  3.0
Hexes          | |  0.3

Action                     |  1- 3 |  4- 6 || total
---------------------------+-------+-------++-------
  Melee: Falchion          |     6 |       ||     6
         Constrict         |     2 |       ||     2
         Mace              |     7 |       ||     7
         Tentacles         |     1 |       ||     1
   Cast: Foxfire           |    20 |     2 ||    22
         Scorch            |     2 |     2 ||     4
         Inner Flame       |       |     1 ||     1
    Use: Potion            |     1 |     2 ||     3
   Stab: Invisible         |     1 |       ||     1
 Armour: Skin              |     4 |     4 ||     8
  Dodge: Dodged            |    11 |     4 ||    15

Table legend: (Time is in decaauts)
 A = Elapsed time spent in this place.
 B = Non-inter-level travel time spent in this place.
 C = Inter-level travel time spent in this place.
 D = Time resting spent in this place.
 E = Time spent auto-exploring this place.
 F = Levels seen in this place.
 G = Mean time per level.
                   A        B        C        D        E       F      G
               +--------+--------+--------+--------+--------+-----+--------+
         Total |    464 |    464 |      0 |    136 |      0 |   1 |  464.0 |
       Dungeon |    464 |    464 |      0 |    136 |      0 |   1 |  464.0 |
               +--------+--------+--------+--------+--------+-----+--------+

Top non-repeatable levels by time:
       D: 464 daAuts
